 Dungeon Crawl Stone Soup version 0.28-a0-948-gee6e0bcda6 (webtiles) character file.

Game seed: 12665616020359599372

3132 Conn the Firebug (level 9, -1/55 HPs)
             Began as an Octopode Fire Elementalist on Nov 30, 2021.
             Was an Initiate of Sif Muna.
             Slain by a wolf (10 damage)
             ... on level 8 of the Dungeon.
             The game lasted 00:21:03 (8787 turns).

Conn the Firebug (Octopode Fire Elementalist)       Turns: 8787, Time: 00:21:05

Health: -1/55      AC:  2    Str:  7    XL:     9   Next: 92%
Magic:  3/19       EV: 14    Int: 22    God:    Sif Muna [......]
Gold:   395        SH:  0    Dex: 13    Spells: 4/21 levels left

rFire   + . .      SeeInvis .   a - +5 rapier of Nuviunutex {pain, rPois}
rCold   . . .      Faith    +   (no shield)
rNeg    + . .      Spirit   .   e - +1 hat
rPois   +          Reflect  .   k - amulet of faith
rElec   .          Harm     .   h - ring of positive energy
rCorr   +          Rampage  .   p - ring of resist corrosion
Will    .....                   o - ring of protection from fire
Stlth   ++++......              (no ring)
HPRegen 0.18/turn               (no ring)
MPRegen 0.16/turn               (no ring)
                                (no ring)
                                (no ring)

@: no status effects
A: almost no armour, amphibious, 8 rings, camouflage 1, gelatinous body 1,
(nimble swimmer 1), tentacles, clever 1
a: Renounce Religion


You were on level 8 of the Dungeon.
You worshipped Sif Muna.
Sif Muna was noncommittal.
You visited 2 branches of the dungeon, and saw 9 of its levels.

You collected 395 gold pieces.

Inventory:

Hand Weapons
 a - the +5 rapier of Nuviunutex (weapon) {pain, rPois}
   (You took it off an orc wizard on level 5 of the Dungeon)

   In the hands of one skilled in necromantic magic, it inflicts extra damage on
   living creatures.
   rPois:     It protects you from poison.
 g - a +2 dagger of draining
 i - a +2 dagger of venom
 x - a +0 dagger
Missiles
 w - 4 curare-tipped darts
Armour
 e - a +1 hat (worn)
 f - a +0 buckler
Magical Staves
 b - a staff of fire
Jewellery
 h - a ring of positive energy (left tentacle)
 k - an amulet of faith (around mantle)
 o - a ring of protection from fire (on tentacle)
 p - a ring of resist corrosion (right tentacle)
Wands
 s - a wand of flame (10)
Scrolls
 c - a scroll of fog {unknown}
 d - a scroll of silence {unknown}
 n - a scroll of noise
 r - a scroll of magic mapping {unknown}
 t - a scroll of fear {unknown}
 y - a scroll of brand weapon {unknown}
 z - a scroll of acquirement {unknown}
 C - a scroll of summoning {unknown}
Potions
 l - 3 potions of curing
 m - 2 potions of might
 q - a potion of cancellation
 A - a potion of berserk rage


   Skills:
 + Level 2.5 Fighting
 + Level 0.9 Short Blades
 + Level 1.9 Staves
 + Level 3.8 Dodging
 + Level 5.2 Stealth
 + Level 6.7 Spellcasting
 + Level 6.6 Conjurations
 + Level 1.2 Hexes
 + Level 7.7 Fire Magic
 + Level 0.3 Evocations


You had 4 spell levels left.
You knew the following spells:

 Your Spells              Type           Power      Damage    Failure   Level
a - Foxfire               Conj/Fire      100%       2x1d9     1%          1
b - Conjure Flame         Conj/Fire      38%        6-21      1%          3
c - Inner Flame           Hex/Fire       27%        N/A       4%          3
d - Flame Wave            Conj/Fire      38%        2d7       4%          4
e - Scorch                Fire           82%        2d9       1%          2
f - Sticky Flame          Conj/Fire      38%        2d6       4%          4

Your spell library contained the following spells:

 Spells                   Type           Power      Damage    Failure   Level
 Animate Skeleton         Necr           14%        N/A       9%          1
 Pain                     Necr           28%        1d5       9%          1
 Ignite Poison            Fire/Tmut/Pois 18%        N/A       9%          3
 Vampiric Draining        Necr           7%         2d6       26%         3


Dungeon Overview and Level Annotations

Branches:
Dungeon (8/15)             Temple (1/1) D:5            Lair (0/6) D:8

Altars:
Ashenzari
Cheibriados
Elyvilon
Fedhas
Gozag
Hepliaklqana
Kikubaaqudgha
Makhleb
Nemelex Xobeh
Qazlal
Ru
Sif Muna
Uskayaw
Vehumet
Wu Jian
Xom
Yredelemnul
Zin
The Shining One

Shops:
D:2 [[:[!


Innate Abilities, Weirdness & Mutations

You cannot wear most types of armour.
You are amphibious.
You can wear up to eight rings at the same time.
Your skin changes colour to match your surroundings (Stealth+).
Your rubbery body absorbs attacks. (AC +1, EV +1)
((You are camouflaged near water. (Stealth+)))
You have tentacles for arms and can constrict up to eight enemies at once.
Your mind is acute. (Int +2)


Message History

The wolf bites you but does no damage. The wyvern barely misses you.
The jelly hits you but does no damage. The wolf bites you but does no damage.
The iguana bites you but does no damage.
The basilisk bites you!
* * * LOW HITPOINT WARNING * * *
The wyvern barely misses you.
You puncture the wyvern!
The wyvern is severely wounded.
The wolf bites you.
* * * LOW HITPOINT WARNING * * *
The jelly hits you but does no damage.
The iguana bites you but does no damage.
The wyvern bites you but does no damage.
The wolf bites you but does no damage. The basilisk gazes at you.
You resist with some effort. The jelly hits you but does no damage.
You feel much better.
The wolf pauses to sniff the ground.
The wolf bites you but does no damage. The wyvern barely misses you.
The iguana bites you but does no damage.
The howler monkey hits you but does no damage.
The basilisk gazes at you.
You are slowing down.
The wolf bites you but does no damage.
The wyvern bites you but does no damage.
The jelly hits you but does no damage.
You feel limber!
Your magical effects are unravelling.
You feel magically purged.
You feel less wooden.
Your +1 hat unmelds from your body.
You feel a little less mighty now. The wolf bites you.
The wyvern closely misses you. The howler monkey hits you.
* * * LOW HITPOINT WARNING * * *
The iguana bites you.
* * * LOW HITPOINT WARNING * * *
The basilisk bites you.
* * * LOW HITPOINT WARNING * * *
The wolf bites you!
You die...

### #.. # #.###
#. .######.#.
.. P........ .#
.P..§.lh#..##..
P..P.Sl@.......
♣.....hJl...##.
......hh.......
..P...$.....###
..PP.....#..#
.>..♣.........
...P..♣... .#.#
PP..P..........


You could see a basilisk, a water moccasin, a black bear, a wyvern, a wolf, 2
howler monkeys, an iguana and a jelly.

Vanquished Creatures
  3 wyverns (D:8)
  A human (D:7)
  A steam dragon (D:7)
  Edmund (D:5)
  2 water moccasins
  2 orc warriors
  A necrophage (D:5)
  An ogre (D:5)
  A phantom (D:7)
  A wolf (D:8)
  2 kobold brigands (D:7)
  3 bullfrogs (D:7)
  4 scorpions
  2 water moccasin skeletons
  2 centaur zombies
  5 hounds
  A jelly (D:5)
  3 orc priests
  Ijyb (D:4)
  3 centaur skeletons
  A bullfrog skeleton (D:6)
  2 iguanas
  3 orc wizards
  2 killer bee zombies
  A hound zombie (D:5)
  A hound skeleton (D:5)
  Robin (D:2)
  A gnoll (D:2)
  5 adders
  A river rat (D:3)
  A shadow imp (D:7)
  3 white imps
  An adder skeleton (D:4)
  A worm (D:1)
  2 dart slugs (D:1)
  20 orcs
  6 ball pythons
  5 endoplasms
  3 giant cockroaches
  16 goblins
  11 hobgoblins
  2 jackals (D:2)
  17 kobolds
  3 quokkas
  A bat (D:3)
  12 rats
  A bush (D:8)
163 creatures vanquished.

Vanquished Creatures (collateral kills)
  A foxfire (D:2)
1 creature vanquished.

Vanquished Creatures (others)
  643 foxfires
  A fungus (D:8)
  4 plants (D:8)
648 creatures vanquished.

Grand Total: 812 creatures vanquished

Notes
Turn   | Place    | Note
-------+----------+-------------------------------------------
     0 | D:1      | Conn the Octopode Fire Elementalist began the quest for the
                  | Orb.
     0 | D:1      | Reached XP level 1. HP: 11/11 MP: 3/3
   108 | D:1      | Reached XP level 2. HP: 17/17 MP: 0/5
   836 | D:1      | Reached XP level 3. HP: 20/21 MP: 6/6
  1059 | D:2      | Found Halix's Armour Shop.
  1169 | D:2      | Found Wacliot's Armour Boutique.
  1169 | D:2      | Found Paethruic's Book Emporium.
  1192 | D:2      | Learned a level 3 spell: Conjure Flame
  1268 | D:2      | Noticed Robin
  1655 | D:3      | Reached skill level 4 in Fire Magic
  1720 | D:3      | Reached XP level 4. HP: 27/27 MP: 2/7
  2087 | D:3      | Reached XP level 5. HP: 31/31 MP: 5/9
  3092 | D:2      | Killed Robin
  3093 | D:2      | Reached XP level 6. HP: 37/37 MP: 3/10
  3397 | D:2      | Found Cykaloom's Armour Emporium.
  3528 | D:2      | Found an ancient bone altar of Kikubaaqudgha.
  3543 | D:2      | Found Suufigre's Distillery.
  4083 | D:4      | Found a hide-covered altar of Uskayaw.
  4235 | D:4      | Noticed Ijyb
  4242 | D:4      | Killed Ijyb
  4494 | D:4      | Found a hazy altar of Hepliaklqana.
  4527 | D:4      | Reached XP level 7. HP: 42/42 MP: 6/12
  4646 | D:4      | Learned a level 3 spell: Inner Flame
  4651 | D:4      | Learned a level 4 spell: Flame Wave
  4654 | D:4      | Learned a level 2 spell: Scorch
  5126 | D:4      | You fall into a shaft and drop 3 floors!
  5526 | D:7      | Noticed a steam dragon
  5531 | D:7      | Killed a steam dragon
  5532 | D:7      | Reached skill level 5 in Fire Magic
  5615 | D:7      | Reached XP level 8. HP: 47/47 MP: 8/15
  5721 | D:7      | Found a sacrificial altar of Ru.
  5728 | D:7      | Reached skill level 5 in Spellcasting
  5728 | D:7      | Reached skill level 5 in Conjurations
  5851 | D:7      | Reached skill level 6 in Fire Magic
  6006 | D:7      | Found a runed translucent door.
  6037 | D:7      | Found a basalt altar of Yredelemnul.
  6137 | D:7      | Reached skill level 1 in Fighting
  6635 | D:6      | Learned a level 4 spell: Sticky Flame
  6638 | D:5      | Entered Level 5 of the Dungeon
  6796 | D:5      | Reached XP level 9. HP: 33/54 MP: 9/17
  7026 | D:5      | Found a staircase to the Ecumenical Temple.
  7027 | D:5      | Identified the +5 rapier of Nuviunutex {pain, rPois}
  7033 | D:5      | Reached skill level 1 in Hexes
  7053 | D:5      | Noticed Edmund
  7064 | D:5      | Killed Edmund
  7069 | D:5      | Reached skill level 1 in Staves
  7112 | D:5      | Reached skill level 7 in Fire Magic
  7174 | Temple   | Entered the Ecumenical Temple
  7252 | Temple   | Became a worshipper of Sif Muna the Loreminder
  7550 | D:5      | Found a stormy altar of Qazlal.
  8768 | D:8      | Found a staircase to the Lair.
  8777 | D:8      | Reached skill level 5 in Stealth
  8780 | D:8      | Gained mutation: Your mind is acute. (Int +2) [potion of
                  | mutation]
  8787 | D:8      | Slain by a wolf

Illustrated notes

Levels and vault maps discovered:
D:1:      heliophobic_arrival_henge, layout_basic, nicolae_wormholes
D:2:      layout_rooms, basic_altar, serial_shops, nicolae_shop_stone,
          shop_fountains, nicolae_shop_behind_doors, shop, shop,
          chequers_serial_rivers_micro_a, cheibrodos_gnoll_hut, uniq_robin
D:3:      layout_basic, portal_sewer_entry_e
D:4:      layout_cave_pods, lemuel_crystal_altar,
          mainiacjoe_overflow_concentric_impassable, serial_column_ruins,
          column_ruins_grid_1, column_ruins_grid_2, column_ruins_columns_T,
          column_ruins_columns_corner, ebering_ghost_disaster_area,
          minmay_fractal_squares_gapless_5, uniq_ijyb
D:5:      layout_rooms, mainiacjoe_overflow_alcove_2,
          minmay_temple_entry_crystal_x, uniq_edmund
D:6:      layout_loops_ring
D:7:      layout_gridville, nicolae_overflow_crystal_walls,
          dk_yredelemnul_ordeal, grunt_ministairs_12,
          amcnicky_mini_rare_corridor_liquid, minmay_starry_boxes
D:8:      layout_loops_cross, minmay_lair_entry_grove
Temple:   nicolae_temple_god_jail

Skill      XL: |  1  2  3  4  5  6  7  8  9 |
---------------+----------------------------+-----
Stealth        | 3 4 5 |  5.2
Fire Magic     | 4 5 6 7 |  7.7
Conjurations   | 2 4 5 6 |  6.6
Spellcasting   | 3 4 5 6 |  6.7
Fighting       | 2 |  2.5
Dodging        | 3 |  3.8
Hexes          | 1 |  1.2
Staves         | 1 |  1.9
Short Blades   | |  0.9
Evocations     | |  0.3

Action                   |  1- 3 |  4- 6 |  7- 9 || total
-------------------------+-------+-------+-------++-------
Melee: Dagger            |    21 |    18 |       ||    39
       Constrict         |     6 |     7 |     8 ||    21
       Tentacles         |     2 |     2 |     7 ||    11
       Staff             |       |     8 |    34 ||    42
       Rapier            |       |       |     2 ||     2
 Cast: Foxfire           |    62 |   136 |   180 ||   378
       Conjure Flame     |       |       |     2 ||     2
       Flame Wave        |       |       |     9 ||     9
       Inner Flame       |       |       |     3 ||     3
       Scorch            |       |       |     3 ||     3
Evoke: Wand              |       |       |     3 ||     3
  Use: Scroll            |       |     1 |     6 ||     7
       Potion            |       |       |     8 ||     8
 Stab: Sleeping          |     1 |     2 |     2 ||     5
Armor: Skin              |     4 |     3 |    41 ||    48
Dodge: Dodged            |    16 |    26 |    64 ||   106

Table legend: (Time is in decaauts)
 A = Elapsed time spent in this place.
 B = Non-inter-level travel time spent in this place.
 C = Inter-level travel time spent in this place.
 D = Time resting spent in this place.
 E = Time spent auto-exploring this place.
 F = Levels seen in this place.
 G = Mean time per level.
                   A        B        C        D        E       F      G
               +--------+--------+--------+--------+--------+-----+--------+
         Total |   8789 |   8586 |    203 |    392 |   6383 |   9 |  976.6 |
       Dungeon |   8694 |   8508 |    186 |    392 |   6325 |   8 | 1086.8 |
        Temple |     95 |     78 |     17 |      0 |     58 |   1 |   95.0 |
               +--------+--------+--------+--------+--------+-----+--------+

Top non-repeatable levels by time:
     D:7: 1838 daAuts
     D:3: 1695 daAuts
     D:4: 1482 daAuts
     D:1: 1043 daAuts
     D:6: 944 daAuts
     D:2: 904 daAuts
     D:5: 767 daAuts
  Temple: 95 daAuts
     D:8: 18 daAuts
